 Dungeon Crawl Stone Soup version 0.19-a0-519-gb6a5606 (console) character file.

102 Lososik the Ducker (level 4, -9/34 HPs)
             Began as a Demonspawn Gladiator on June 7, 2016.
             Killed by divine providence
             ... invoked by an orc priest
              (16 damage)
             ... on level 3 of the Dungeon.
             The game lasted 00:05:10 (1031 turns).

Lososik the Ducker (Demonspawn Gladiator)           Turns: 1031, Time: 00:05:11

Health: -9/34      AC:  6    Str: 18 (21) XL:     4   Next: 50%
Magic:  4/4        EV: 13    Int: 12 (15) God:
Gold:   103        SH:  2    Dex: 12 (13) Spells: 0 memorised, 3 levels left

rFire  . . .     SeeInvis .     a - +0 war axe
rCold  . . .     Gourm    .     b - +0 leather armour
rNeg   . . .     Faith    .     (no shield)
rPois  .         Spirit   .     r - +0 helmet
rElec  .         Dismiss  .     (no cloak)
rCorr  .         Reflect  .     (no gloves)
SustAt .         Harm     .     (no boots)
MR     .....                    (no amulet)
Stlth  +.........               (no ring)
                                (no ring)

@: mighty, brilliant, lethally poisoned (-9 -> -16), not resistant to hostile
enchantments, very unstealthy
A: claws 1, large bone plates 1, powered by death 1
a: no special abilities


You were on level 3 of the Dungeon.
You were not hungry.

You visited 1 branch of the dungeon, and saw 3 of its levels.

You collected 103 gold pieces.

Inventory:

Hand Weapons
 a - a +0 war axe (weapon)
Missiles
 d - 2 throwing nets (quivered)
Armour
 b - a +0 leather armour (worn)
 r - a +0 helmet (worn)
Scrolls
 j - 2 scrolls of remove curse {unknown}
 k - a scroll of amnesia {unknown}
 l - 3 scrolls of recharging {unknown}
 m - 4 scrolls of teleportation {unknown}
 p - a scroll of identify {unknown}
Potions
 e - a potion of might
Books
 c - a book of the Dragon

   Spells                             Type                      Level
   a - Flame Tongue                   Conjuration/Fire             1
   b - Cause Fear                     Hexes                        4
   c - Bolt of Fire                   Conjuration/Fire             6
   d - Dragon Form                    Transmutation                7
   e - Dragon's Call                  Summoning                    9
Comestibles
 f - 2 bread rations
 g - a slice of pizza
 n - 2 beef jerkies
 o - 3 chunks of flesh


   Skills:
 * Level 2.9 Fighting
 + Level 3.1 Axes
 * Level 2.7 Throwing
 * Level 3.4 Dodging


You had 3 spell levels left.
You didn't know any spells.

Dungeon Overview and Level Annotations

Branches:
Dungeon (3/15)

Altars:


Innate Abilities, Weirdness & Mutations

You have sharp fingernails.
You are partially covered in large bone plates. (AC +2, SH +2)
You regenerate a little health from kills.


Message History

Press: ? - help, v - describe, . - travel
Here: an orc, wielding a flail and wearing a ring mail An open door.
Throwing (i - inventory):
d - 3 throwing nets (quivered)
Press: ? - help, Shift-Dir - straight line, f - orc priest
Aim: an orc priest, wielding a dagger of venom and wearing a leather armour (moderately wounded)
You throw a throwing net.
The throwing net barely misses the orc priest.
The ball python barely misses you. You block the ball python's attack.
The orc priest hits you but does no damage.
You are poisoned.
You barely miss the orc priest.
The orc priest is moderately wounded.
You barely miss the orc. You barely miss the ball python.
You feel sick. The ball python barely misses you.
The ball python closely misses you. The orc hits you with a flail.
* * * LOW HITPOINT WARNING * * *
The orc priest invokes the aid of Beogh against you.
Beogh smites you!
You die... ▒▒▒ ▒∙∙ ∙▒∙∙ ∙∙∙∙ ∙∙∙∙

▒▒▒▒▒▒▒∙∙∙∙▒
▒∙∙∙∙▒▒∙∙∙∙▒
▒∙∙∙∙▒▒∙∙∙∙▒
▒∙∙∙∙▒▒∙!∙∙▒
▒∙∙∙∙▒▒∙∙∙∙▒
▒∙∙∙∙▒▒∙∙∙∙▒
▒∙∙∙∙▒▒∙∙∙∙▒
▒∙∙∙@▒▒∙∙∙∙▒▒▒


▒∙∙Sooo∙∙∙∙∙∙∙∙ ▒∙∙∙∙▒▒∙o∙∙∙∙∙∙ ▒∙∙∙∙▒▒∙∙∙∙∙∙∙∙ ▒∙∙∙∙▒▒▒▒▒∙∙∙∙∙ ▒∙∙∙∙▒ ∙∙∙∙▒
▒∙∙∙∙▒ ∙∙∙∙ ▒∙∙∙∙▒ ∙o∙∙ ∙∙∙∙∙∙ ∙∙∙∙∙∙∙ ∙∙∙∙∙∙∙∙ You could see an orc priest, 3
orcs and a ball python.

Vanquished Creatures
  Robin (D:2)
  2 adders (D:2)
  2 oozes (D:1)
  A giant gecko (D:1)
  An orc (D:3)
  7 bats
  A giant cockroach (D:2)
  15 goblins
  7 hobgoblins
  3 jackals (D:2)
  10 kobolds
  2 ball pythons
  4 giant newts
  3 rats
59 creatures vanquished.

Notes
Turn   | Place    | Note
--------------------------------------------------------------
     0 | D:1      | Lososik the Demonspawn Gladiator began the quest for the Orb.
     0 | D:1      | Reached XP level 1. HP: 16/16 MP: 1/1
    59 | D:1      | Gained mutation: You are partially covered in large bone plates. (AC +2, SH +2) [demonic ancestry]
    59 | D:1      | Reached XP level 2. HP: 20/22 MP: 2/2
   264 | D:1      | Gained mutation: You have sharp fingernails. [demonic ancestry]
   264 | D:1      | Reached XP level 3. HP: 28/28 MP: 3/3
   597 | D:2      | Found a faded altar of an unknown god.
   775 | D:2      | Noticed Robin
   792 | D:2      | Gained mutation: You regenerate a little health from kills. [demonic ancestry]
   792 | D:2      | Reached XP level 4. HP: 16/34 MP: 4/4
   815 | D:2      | Killed Robin
  1031 | D:3      | Killed from afar by an orc priest

Vault maps used:
D:1:      nicolae_arrival_washed_ashore, serial_bayou_crossing
D:2:      first_bread, ecumenical_altar_2, uniq_robin
D:3:      nemelex_altar_shiori, hangedman_decor_diamond_cutter

Skill      XL: |  1  2  3 |
---------------+----------+-----
Throwing       | 2 |  2.7
Axes           | 3 |  3.1
Dodging        | 3 |  3.4
Fighting       | |  2.9

Action                   |  1- 3 |  4- 6 || total
-------------------------+-------+-------++-------
Melee: War axe           |   108 |    46 ||   154
Throw: Throwing net      |       |     1 ||     1
  Use: Potion            |       |     4 ||     4
  Eat: Chunk             |       |     1 ||     1
Armor: Leather armour    |    51 |    27 ||    78
Dodge: Dodged            |    98 |    48 ||   146
Block: Other             |     9 |     5 ||    14
